[Event "Team 45 45 League T78"]
[Site "Internet Chess Club"]
[Date "2018.10.12"]
[Round "4"]
[White "Insan996"]
[Black "elessar"]
[Result "0-1"]
[WhiteElo "1645"]
[BlackElo "1653"]
[Opening "Queen's pawn"]
[ECO "A40"]
[Time "18:07:11"]
[TimeControl "2700+45"]

1. d4 e6 2. Nf3 f5 3. d5 Be7 4. dxe6 dxe6 5. Qxd8+ Bxd8 6. Nc3 a6 7. b3 Bf6 8.
Bb2 Nc6 9. a3 Nge7 10. O-O-O b6 11. e3 Kf7 12. Be2 Rd8 13. Rxd8 Nxd8 14. Nd4 c5
15. Nf3 b5 16. Rd1 Ndc6 17. e4 Nd4 18. e5 Nxf3 19. Bxf3 Bg5+ 20. Kb1 Ra7 21. g3
g6 22. Bg2 Rd7 23. Rxd7 Bxd7 24. f4 Bh6 25. b4 cxb4 26. axb4 Bc6 27. Bf1 Nd5 28.
Nxd5 Bxd5 29. h4 Bf8 30. c3 Be7 31. Bc1 Bd8 32. Be3 h5 33. Kc2 Ke7 34. Bc5+ Kd7
35. Kd3 Bc4+ 36. Kd4 Bxf1 37. Ba7 Kc6 38. Bc5 Bb6 39. Bxb6 Kxb6 {White resigns}
0-1

[Event "Team 45 45 League T78"]
[Site "Internet Chess Club"]
[Date "2018.10.11"]
[Round "4"]
[White "Hal2001"]
[Black "fireball"]
[Result "1/2-1/2"]
[WhiteElo "1608"]
[BlackElo "1615"]
[Opening "French: Two knights variation"]
[ECO "C00"]
[Time "21:01:48"]
[TimeControl "2700+45"]

1. e4 e6 2. Nc3 d5 3. Nf3 d4 4. Ne2 Nc6 5. c3 e5 6. cxd4 exd4 7. Qa4 Bc5 8. b4
Bxb4 9. Nexd4 Ne7 10. Bb5 Bd7 11. Nxc6 bxc6 12. Qxb4 cxb5 13. O-O a5 14. Qc3 O-O
15. Bb2 f6 16. Rac1 c6 17. Nd4 Rc8 18. Qg3 Ng6 19. Rc2 c5 20. Nf5 Qb6 21. h4
Bxf5 22. exf5 Ne7 23. Qg4 Qd6 24. Re1 Qd3 25. Rxe7 Rf7 26. Rxf7 Kxf7 27. Qh5+
Kg8 28. Rc1 Qxd2 29. Rb1 c4 30. Bxf6 c3 31. Bxc3 Qxc3 32. Rxb5 Qe1+ 33. Kh2 Qxf2
34. Qg4 Qd2 35. Qg3 Rf8 36. Rb7 Qh6 37. Qb3+ {Game drawn by mutual agreement}
1/2-1/2

[Event "Team 45 45 League T78"]
[Site "Internet Chess Club"]
[Date "2018.10.13"]
[Round "4"]
[White "Skeptic1972"]
[Black "Gilguli"]
[Result "1-0"]
[WhiteElo "1455"]
[BlackElo "1329"]
[Opening "Sicilian: closed"]
[ECO "B23"]
[Time "14:01:05"]
[TimeControl "2700+45"]

1. e4 c5 2. Nc3 d6 3. f4 Nc6 4. Nf3 g6 5. g3 Bg7 6. Bg2 Bg4 7. h3 Bd7 8. O-O Qc8
9. Kh2 e6 10. d3 a6 11. Be3 b5 12. Rb1 b4 13. Ne2 Qc7 14. e5 Nge7 15. exd6 Qxd6
16. Nd2 Nd5 17. Ne4 Qe7 18. Bxc5 Ne3 19. Qd2 Nxf1+ 20. Bxf1 Qxc5 21. Nxc5 Nd4
22. Nxd4 Bxd4 23. Nxd7 Kxd7 24. Qxb4 Bg7 25. Qb7+ Kd6 26. Bg2 Rhc8 27. Qxa8 Rxa8
28. Bxa8 Kc5 29. b3 Kd4 30. Re1 Kc3 31. Re2 Bd4 32. a4 Kb4 33. Bc6 Ka3 34. Kg2
Kb2 35. Kf3 Kc1 36. Be8 f5 37. Bf7 Bc3 38. Bxe6 Bd2 39. Bg8 Kxc2 40. Bxh7 Kxd3
41. Bxg6 Kc3 {Black resigns} 1-0

[Event "Team 45 45 League T78"]
[Site "Internet Chess Club"]
[Date "2018.10.14"]
[Round "4"]
[White "Monterrey"]
[Black "laurenpar"]
[Result "1-0"]
[WhiteElo "1996"]
[BlackElo "1879"]
[Opening "Dutch defense, Rubinstein variation"]
[ECO "A40"]
[Time "21:16:21"]
[TimeControl "2700+45"]

1. d4 e6 2. c4 f5 3. Nc3 Nf6 4. e3 Bb4 5. Ne2 b6 6. a3 Be7 7. Nf4 Bb7 8. d5 e5
9. Nd3 d6 10. Be2 Nbd7 11. b4 c6 12. dxc6 Bxc6 13. O-O O-O 14. f4 Ne4 15. Bb2
Bf6 16. fxe5 Bxe5 17. Nxe5 dxe5 18. Nd5 Kh8 19. Qd3 Bxd5 20. cxd5 Nd6 21. Rac1
Rc8 22. Rc6 Qe7 23. Rfc1 e4 24. Qd4 Nb8 25. Rxc8 Rxc8 26. Rxc8+ Nxc8 27. Qe5
Qxe5 28. Bxe5 Nd7 29. Bc7 Ne7 30. d6 Nd5 31. Bc4 N5f6 32. Be6 g6 33. Bd8 {Black
resigns} 1-0

[Event "Team 45 45 League T78"]
[Site "Internet Chess Club"]
[Date "2018.10.12"]
[Round "4"]
[White "Chessfish"]
[Black "leandromorg"]
[Result "1/2-1/2"]
[WhiteElo "1860"]
[BlackElo "1749"]
[Opening "King's Indian: 5.Nf3"]
[ECO "E90"]
[Time "22:04:59"]
[TimeControl "2700+45"]

1. e4 g6 2. d4 Bg7 3. Nf3 d6 4. c4 Nf6 5. Nc3 c5 6. dxc5 Qa5 7. Bd2 Qxc5 8. Be2
Bg4 9. O-O Nc6 10. Nd5 Bxf3 11. Bxf3 Nxd5 12. cxd5 Nd4 13. Rc1 Nxf3+ 14. Qxf3
Qb6 15. b3 O-O 16. Be3 Qa5 17. Qe2 Rfc8 18. Qd2 Qxd2 19. Bxd2 Kf8 20. Rxc8+ Rxc8
21. Rc1 Rxc1+ 22. Bxc1 Bd4 23. Kf1 e6 24. Ke2 Ke7 25. Be3 Bxe3 26. Kxe3 exd5 27.
exd5 Kf6 28. Kf4 g5+ 29. Ke4 h5 30. f4 Kg6 31. g3 Kf6 32. fxg5+ Kxg5 33. h3 b5
34. b4 a6 35. a3 f6 36. Ke3 Kg6 37. Ke4 Kg5 38. Ke3 Kg6 39. Kf4 f5 40. Kf3 Kf6
41. Kf4 Kg6 42. Kf3 Kf6 43. Kf4 Kg6 44. Kf3 Kf6 45. Kf4 {Game drawn by
repetition} 1/2-1/2

[Event "Team 45 45 League T78"]
[Site "Internet Chess Club"]
[Date "2018.10.12"]
[Round "4"]
[White "Ajolote"]
[Black "bradleyguo175"]
[Result "1-0"]
[WhiteElo "1853"]
[BlackElo "1804"]
[Opening "French: Chigorin variation"]
[ECO "C00"]
[Time "21:00:49"]
[TimeControl "2700+45"]

1. e4 e6 2. Qe2 c5 3. Nc3 Nc6 4. Nf3 Be7 5. g3 d5 6. exd5 exd5 7. h3 Nf6 8. Bg2
O-O 9. O-O Re8 10. d3 h6 11. Qd1 d4 12. Nb1 Bd6 13. Na3 b6 14. Nc4 Bd7 15. Nxd6
Re6 16. Nc4 b5 17. Ncd2 Nb4 18. Nb3 Rc8 19. Bd2 Nbd5 20. Re1 Qc7 21. Rxe6 Bxe6
22. Qf1 Nb6 23. Bf4 Qd8 24. Re1 Na4 25. Bc1 Bd5 26. Kh2 Qc7 27. Ne5 Bxg2 28.
Qxg2 Re8 29. Nf3 Rxe1 30. Nxe1 Nb6 31. Qf3 Nbd5 32. Ng2 a5 33. Nf4 Nb4 34. Qa8+
Kh7 35. Qxa5 {Black resigns} 1-0

[Event "Team 45 45 League T78"]
[Site "Internet Chess Club"]
[Date "2018.10.14"]
[Round "4"]
[White "Fianchettoed"]
[Black "nealbruce"]
[Result "1-0"]
[WhiteElo "1763"]
[BlackElo "1664"]
[Opening "Blackmar-Diemer: Euwe defense"]
[ECO "D00"]
[Time "12:01:24"]
[TimeControl "2700+45"]

1. d4 d5 2. e4 dxe4 3. Nc3 Nf6 4. f3 exf3 5. Nxf3 e6 6. Bg5 Be7 7. Bc4 O-O 8.
Qd2 Nc6 9. O-O-O Bd7 10. Rhe1 a6 11. Ne5 Nd5 12. Bxe7 Ncxe7 13. g4 Nxc3 14. Qxc3
Nd5 15. Qd2 Bb5 16. Bb3 Nb6 17. Nxf7 Qf6 18. Rxe6 Qxe6 19. Bxe6 Rxf7 20. Qf4 Rf8
21. Qxc7 {Black resigns} 1-0

[Event "Team 45 45 League T78"]
[Site "Internet Chess Club"]
[Date "2018.10.11"]
[Round "4"]
[White "backrankbrawler"]
[Black "Sloggi"]
[Result "1-0"]
[WhiteElo "1732"]
[BlackElo "1944"]
[Opening "Queen's pawn game"]
[ECO "D04"]
[Time "23:04:00"]
[TimeControl "2700+45"]

1. d4 d5 2. Nf3 Nf6 3. e3 Bg4 4. h3 Bh5 5. g4 Bg6 6. Ne5 Nbd7 7. h4 h6 8. Nxg6
fxg6 9. Bd3 Kf7 10. c3 e5 11. dxe5 Nxe5 12. Be2 Be7 13. Nd2 Qd7 14. Rg1 Rae8 15.
f4 Nc6 16. Nf3 Bc5 17. Qd3 Ne4 18. Nh2 Be7 19. Nf3 Bc5 20. a3 Qe6 21. b4 Bb6 22.
a4 a6 23. b5 axb5 24. axb5 Na5 25. Ne5+ Kg8 26. Ba3 Nb3 27. Rd1 Ba5 28. Bb4 c6
29. Bxa5 Nxa5 30. c4 Qf6 31. g5 hxg5 32. hxg5 Qd6 33. cxd5 Qb4+ 34. Kf1 Rh2 35.
Ng4 Rxe2 36. Kxe2 Nc3+ 37. Kf3 Nxd5 38. Qxg6 Rxe3+ 39. Nxe3 Qxf4+ 40. Kg2 Nxe3+
41. Kh3 Nxd1 42. Qe8+ Qf8 43. Qxf8+ Kxf8 44. bxc6 bxc6 45. Rxd1 Kf7 46. Kg4 Nc4
47. Kf4 Ke6 48. Re1+ Kf7 49. Rc1 Nb6 50. Rxc6 Nd5+ 51. Ke5 Ne3 52. g6+ Ke7 53.
Rc7+ Kf8 54. Ke6 {Black resigns} 1-0

[Event "Team 45 45 League T78"]
[Site "Internet Chess Club"]
[Date "2018.10.13"]
[Round "4"]
[White "cool64chess"]
[Black "ivanson"]
[Result "1/2-1/2"]
[WhiteElo "1969"]
[BlackElo "1733"]
[Opening "King's Indian: Sämisch, 5...O-O"]
[ECO "E81"]
[Time "14:18:44"]
[TimeControl "2700+45"]

1. d4 Nf6 2. c4 g6 3. Nc3 Bg7 4. e4 d6 5. f3 O-O 6. Be3 c5 7. d5 e6 8. Bd3 exd5
9. cxd5 Nbd7 10. Nh3 Ne5 11. Nf2 Nxd3+ 12. Qxd3 a6 13. a4 Bd7 14. O-O Rb8 15. a5
Ne8 16. f4 {Game drawn by mutual agreement} 1/2-1/2

[Event "Team 45 45 League T78"]
[Site "Internet Chess Club"]
[Date "2018.10.17"]
[Round "4"]
[White "Manas"]
[Black "WillC"]
[Result "1-0"]
[WhiteElo "1761"]
[BlackElo "1700"]
[Opening "Scandinavian: Marshall variation"]
[ECO "B01"]
[Time "20:01:46"]
[TimeControl "2700+45"]

1. e4 d5 2. exd5 Nf6 3. d4 Nxd5 4. Nf3 Bf5 5. a3 e6 6. c4 Nf6 7. Nc3 Be7 8. Be2
O-O 9. O-O h6 10. Ne5 Nbd7 11. Ng4 Nxg4 12. Bxg4 Bxg4 13. Qxg4 Nf6 14. Qf4 c5
15. dxc5 Bxc5 16. Rd1 Qe7 17. b4 Bb6 18. Ne4 Nxe4 19. Qxe4 Rfd8 20. Be3 Bxe3 21.
Qxe3 b6 22. Rac1 Qc7 23. c5 Rxd1+ 24. Rxd1 bxc5 25. bxc5 Rc8 26. Rc1 Qc6 27. Kf1
Qb5+ 28. Ke1 Qa5+ 29. Ke2 Qb5+ 30. Ke1 Qa5+ 31. Qc3 Qxc3+ 32. Rxc3 e5 33. Ke2 f5
34. Kd3 Kf7 35. Kc4 Ke6 36. Kb5 Rc7 37. Rd3 e4 38. Rd6+ Ke5 39. g3 f4 40. gxf4+
Kxf4 41. c6 Ke5 42. Rd7 Rc8 43. Rxg7 Rb8+ 44. Kc5 Rb2 45. Rxa7 Rxf2 46. Re7+ Kf4
47. Rf7+ Ke3 48. Rxf2 Kxf2 49. c7 e3 50. c8=Q e2 51. Qf5+ Kg1 52. Qg4+ Kf1 53.
Qf3+ Ke1 54. Kd4 Kd2 55. Qe3+ Kd1 56. Qb3+ Kd2 57. Qe3+ Kd1 58. a4 {Black
resigns} 1-0

[Event "Team 45 45 League T78"]
[Site "Internet Chess Club"]
[Date "2018.10.11"]
[Round "4"]
[White "mongmong"]
[Black "kutch"]
[Result "0-1"]
[WhiteElo "1433"]
[BlackElo "1537"]
[Opening "Queen's Indian: 4.e3"]
[ECO "E14"]
[Time "20:05:08"]
[TimeControl "2700+45"]

1. d4 Nf6 2. Nf3 e6 3. e3 b6 4. c4 Bb4+ 5. Nbd2 Bb7 6. Bd3 Ne4 7. O-O Bxd2 8.
Nxd2 Qh4 9. Qf3 f5 10. g3 Qh3 11. Nxe4 fxe4 12. Bxe4 Bxe4 13. Qxe4 Nc6 14. Qg2
Qg4 15. Bd2 O-O 16. f3 Qg6 17. Rac1 Rf7 18. Qe2 Raf8 19. Bc3 Ne7 20. e4 Qg5 21.
Bd2 Qh5 22. Kg2 Rf6 23. Rf2 Nc6 24. Be3 e5 25. d5 Nd4 26. Bxd4 exd4 27. Rcf1 Rh6
28. Kg1 Rff6 29. f4 Qh3 30. e5 Rfg6 31. Qf3 Rh5 32. Rg2 Rgh6 33. Rff2 Qf5 34. g4
Qb1+ 35. Rf1 Rh3 36. Qxh3 Qxf1+ 37. Kxf1 Rxh3 38. f5 Re3 39. e6 dxe6 40. Rd2
exf5 41. Rxd4 fxg4 42. Rxg4 g6 43. Rg3 Rxg3 44. hxg3 h5 45. Kf2 g5 46. Kf3 Kg7
47. Ke4 Kf6 48. b4 h4 49. gxh4 gxh4 50. Kf4 h3 51. Kg3 Ke5 52. c5 Kxd5 53. cxb6
axb6 54. a4 Kc4 55. a5 bxa5 56. bxa5 Kb5 57. a6 Kxa6 58. Kxh3 Kb5 59. Kg2 Kc4
60. Kf2 Kc3 61. Ke3 c5 62. Ke2 Kc2 63. Ke3 c4 64. Ke2 c3 65. Ke1 Kb2 {White
resigns} 0-1

[Event "Team 45 45 League T78"]
[Site "Internet Chess Club"]
[Date "2018.10.13"]
[Round "4"]
[White "Electryon"]
[Black "ocelotl"]
[Result "1/2-1/2"]
[WhiteElo "1440"]
[BlackElo "1325"]
[Opening "Queen's pawn: London system"]
[ECO "A45"]
[Time "09:04:08"]
[TimeControl "2700+45"]

1. d4 Nf6 2. Bf4 d5 3. e3 Bf5 4. Bd3 Bxd3 5. Qxd3 e6 6. Qb5+ Nbd7 7. Nf3 Rb8 8.
Qa5 a6 9. Bxc7 b6 10. Bxd8 bxa5 11. Bxa5 Rxb2 12. c3 Bd6 13. O-O O-O 14. Nbd2 e5
15. dxe5 Nxe5 16. Nxe5 Rxd2 17. Nf3 Rb2 18. a3 Ne4 19. Bb4 Rc8 20. Bxd6 Nxd6 21.
Rfd1 Rc5 22. Rab1 Rxb1 23. Rxb1 f6 24. Kf1 Nb5 25. a4 Nxc3 26. Rc1 Nxa4 27. Ra1
Rc4 28. Nd4 Nc5 29. Ke2 Ra4 30. Rb1 Ne4 31. Rc1 Ra2+ 32. Rc2 Rxc2+ 33. Nxc2 a5
34. f3 Nc5 35. Kd2 Kf7 36. Kc3 Ke6 37. Kd4 Kd6 38. Na3 Kc6 39. e4 dxe4 40. fxe4
Kb6 41. g4 h6 42. e5 fxe5+ 43. Kxe5 a4 44. h4 Ka5 45. Nc2 Kb5 46. Kd5 Nd3 47.
Kd4 Nb4 48. Na3+ Ka5 49. Kc4 Nc6 50. Kc5 Ne5 51. Nc4+ Nxc4 52. Kxc4 a3 53. Kb3
a2 54. Kxa2 Kb4 55. Kb2 Kc4 56. Kc2 Kd4 57. Kd2 Ke4 58. Ke2 Kf4 59. g5 h5 60. g6
Kf5 61. Kf3 Kxg6 62. Kf4 Kf6 63. Ke4 g6 64. Kf4 Kg7 65. Kg5 Kh7 66. Kf4 Kh6 67.
Ke4 g5 68. hxg5+ Kxg5 69. Kf3 Kh4 70. Kg2 Kg4 71. Kh2 h4 72. Kg2 h3+ 73. Kh2 Kh4
74. Kh1 Kg3 75. Kg1 Kf3 76. Kh2 Kg4 77. Kh1 Kg3 78. Kg1 h2+ 79. Kh1 Kh3 {White
stalemated} 1/2-1/2

[Event "Team 45 45 League T78"]
[Site "Internet Chess Club"]
[Date "2018.10.17"]
[Round "4"]
[White "dabodhi"]
[Black "clarinetref"]
[Result "0-1"]
[WhiteElo "1229"]
[BlackElo "1510"]
[Opening "Robatsch defense"]
[ECO "B06"]
[Time "10:06:35"]
[TimeControl "2700+45"]

1. e4 g6 2. d4 Bg7 3. Nc3 b6 4. Bc4 e6 5. Nf3 Bb7 6. Bg5 Ne7 7. Qd2 h6 8. Bf4 d6
9. O-O a6 10. d5 e5 11. Be3 Nd7 12. b4 Nf6 13. h3 b5 14. Bb3 Nh5 15. g3 Qd7 16.
Kg2 f5 17. Qd3 Bc8 18. Rh1 Bb7 19. a4 O-O 20. Ne2 fxe4 21. Qxe4 Nf6 22. Nxe5
Nxe4 23. Nxd7 Bxa1 24. Nxf8 Rxf8 25. Rxa1 Bxd5 26. Bxd5+ Nxd5 27. Nf4 Nxb4 28.
axb5 Nxc2 29. Rc1 Nxe3+ 30. fxe3 axb5 31. Rxc7 Rf7 32. Rc8+ Kg7 33. Rb8 g5 34.
Ne6+ Kf6 35. Nd4 Kg6 36. Rg8+ Kh7 37. Rb8 Rf2+ 38. Kg1 Rb2 39. Rxb5 Rxb5 40.
Nxb5 Kg6 41. Kg2 Kf6 42. Kf3 Nd2+ 43. Ke2 Nc4 44. g4 Ke5 45. Nc3 d5 46. Kd3 Nxe3
47. Kxe3 d4+ 48. Kd2 dxc3+ 49. Kxc3 Kf4 50. Kd3 Kg3 51. Ke3 Kxh3 52. Kf3 Kh4 53.
Kf2 Kxg4 54. Kg2 h5 55. Kh2 Kf3 56. Kg1 g4 57. Kf1 g3 58. Kg1 g2 59. Kh2 Kf2
{White resigns} 0-1

[Event "Team 45 45 League T78"]
[Site "Internet Chess Club"]
[Date "2018.10.11"]
[Round "4"]
[White "Kingfisher75"]
[Black "cayo89"]
[Result "0-1"]
[WhiteElo "1545"]
[BlackElo "1686"]
[Opening "Pirc defense"]
[ECO "B07"]
[Time "20:02:04"]
[TimeControl "2700+45"]

1. e4 d6 2. d4 Nf6 3. Bd3 e5 4. dxe5 dxe5 5. Nf3 Bd6 6. O-O Bg4 7. h3 Bh5 8. Bg5
Nbd7 9. Re1 h6 10. Bh4 g5 11. Bg3 Qe7 12. Nbd2 g4 13. hxg4 Bxg4 14. Be2 Nc5 15.
Bh4 a5 16. Nh2 Bd7 17. Ng4 Bxg4 18. Bxg4 Rg8 19. Qf3 Rxg4 20. Bxf6 Qe6 21. Qf5
Kd7 22. Nc4 Rag8 23. Ne3 Rf4 24. Qxe6+ Kxe6 25. Nd5 Rxe4 26. Red1 c6 27. f3 Re2
28. g4 cxd5 29. Bh4 f5 30. Kf1 Rxc2 31. gxf5+ Kxf5 32. Rxd5 Ke6 33. Rad1 Bf8 34.
Bd8 Rgg2 35. Bh4 Rh2 36. Bg3 Rh1# {White checkmated} 0-1

[Event "Team 45 45 League T78"]
[Site "Internet Chess Club"]
[Date "2018.10.10"]
[Round "4"]
[White "dalmata"]
[Black "Kingofknights"]
[Result "0-1"]
[WhiteElo "1437"]
[BlackElo "1477"]
[Opening "QGD Slav defense"]
[ECO "D10"]
[Time "17:00:28"]
[TimeControl "2700+45"]

1. d4 d5 2. c4 c6 3. Nc3 Nf6 4. Bf4 dxc4 5. e4 b5 6. Be2 e6 7. Bf3 Bb7 8. Nge2
Be7 9. O-O O-O 10. Re1 Na6 11. Be5 Qb6 12. Ng3 Rfd8 13. a3 Nc5 14. Nh5 Nxh5 15.
Bxh5 Nd3 16. Qg4 g6 17. Red1 Nxe5 18. dxe5 Kh8 19. Bxg6 hxg6 20. Qf4 Kg7 21. Re1
Rd3 22. g3 Rad8 23. Re2 c5 24. Kg2 g5 25. Qc1 f5 26. exf6+ Bxf6 27. f3 a6 28. h4
gxh4 29. Qf4 h3+ 30. Kxh3 Rh8+ 31. Kg2 Rh6 32. Ree1 Qd6 33. Qxd6 Rxd6 34. Rad1
Bd4 35. Re2 e5 36. Red2 Rdf6 37. Ne2 Bxe4 {White resigns} 0-1

[Event "Team 45 45 League T78"]
[Site "Internet Chess Club"]
[Date "2018.10.14"]
[Round "4"]
[White "Toalla"]
[Black "Pawnchain"]
[Result "0-1"]
[WhiteElo "1228"]
[BlackElo "1402"]
[Opening "Sicilian: Hungarian variation"]
[ECO "B27"]
[Time "15:01:39"]
[TimeControl "2700+45"]

1. e4 c5 2. Nf3 g6 3. c3 Nc6 4. g3 Bg7 5. Bg2 d6 6. d4 cxd4 7. cxd4 Qa5+ 8. Bd2
Qb6 9. Na3 Bg4 10. Nc4 Qb5 11. Ne3 Bxf3 12. Bxf3 Nxd4 13. Bc3 Nxf3+ 14. Qxf3
Bxc3+ 15. bxc3 Qd3 16. Rd1 Qxc3+ 17. Rd2 Nf6 18. Ke2 O-O 19. Rc2 Qe5 20. Kd3
Rac8 21. Nc4 Qb5 22. Rhc1 d5 23. exd5 Qxd5+ 24. Qxd5 Nxd5 25. a3 Rfd8 26. Ke4
f5+ 27. Ke5 Nf6 28. Ne3 Rxc2 29. Rxc2 Kf7 30. h3 Nd7+ 31. Kf4 b6 32. Rc7 Nc5 33.
Rxa7 h6 34. g4 Rd4+ 35. Ke5 Re4+ 36. Kd5 Kf6 37. Nc4 e6+ 38. Kd6 Rxc4 39. Ra8
Ne4+ 40. Kd7 fxg4 41. Rf8+ Ke5 42. hxg4 g5 43. Rh8 b5 44. Rxh6 Nf6+ 45. Ke7 Rc7+
46. Kd8 Ra7 47. f3 Kd6 48. Rxf6 Ra8# {White checkmated} 0-1

[Event "Team 45 45 League T78"]
[Site "Internet Chess Club"]
[Date "2018.10.15"]
[Round "4"]
[White "rkjulianjr"]
[Black "Just-Jim"]
[Result "1-0"]
[WhiteElo "1318"]
[BlackElo "1317"]
[Opening "Queen's pawn"]
[ECO "A40"]
[Time "18:04:22"]
[TimeControl "2700+45"]

1. d4 e6 2. c4 d6 3. e4 h6 4. Nc3 c6 5. Be3 Be7 6. Nf3 Qa5 7. Bd3 Nf6 8. h3 d5
9. O-O O-O 10. a3 Nbd7 11. b4 Qd8 12. e5 Nh7 13. Qc2 Ng5 14. Nxg5 Bxg5 15. Qd2
Bxe3 16. Qxe3 f5 17. Ne2 Rf7 18. Nf4 Nf8 19. b5 Qg5 20. bxc6 bxc6 21. Qf3 Ng6
22. Nxg6 Qxg6 23. cxd5 cxd5 24. Rfc1 a5 25. Rc6 Qg5 26. Rac1 Rb8 27. Rxc8+ Rxc8
28. Rxc8+ Kh7 29. Qg3 Qe7 30. Bb5 Qb7 31. Rc5 Qe7 32. Qc3 Qb7 33. a4 f4 34. Bd3+
g6 35. Qc2 Rg7 36. Rc6 Qe7 37. Qc5 Qh4 38. Rc7 f3 39. Rxg7+ Kxg7 40. Qc7+ Kf8
41. Qc8+ Kf7 42. Qd7+ Qe7 43. Qxe7+ Kxe7 44. Bxg6 fxg2 45. Kxg2 Kf8 46. Kg3 Kg7
47. Be8 Kf8 48. Bb5 Ke7 49. Kg4 Kf8 50. Kh5 Kg7 51. Bd7 Kf8 52. Kxh6 Ke7 53. Bb5
Kd8 54. Kg7 Ke7 55. h4 Kd8 56. h5 Kc7 57. h6 Kd8 58. h7 {Black resigns} 1-0

[Event "Team 45 45 League T78"]
[Site "Internet Chess Club"]
[Date "2018.10.14"]
[Round "4"]
[White "rubo"]
[Black "Hectormercado"]
[Result "0-1"]
[WhiteElo "1589"]
[BlackElo "1508"]
[Opening "Queen's pawn, Mason variation"]
[ECO "D00"]
[Time "21:00:44"]
[TimeControl "2700+45"]

1. d4 d5 2. Bf4 e6 3. e3 Nf6 4. Bd3 Be7 5. Nd2 c5 6. c3 b6 7. Qe2 Bb7 8. Ngf3
Nbd7 9. Rd1 Rc8 10. Ne5 Nxe5 11. dxe5 Nd7 12. Nf3 Qc7 13. h4 d4 14. exd4 Bxf3
15. Qxf3 cxd4 16. Bb5 Bc5 17. cxd4 Bb4+ 18. Bd2 Bxd2+ 19. Rxd2 Qc1+ 20. Qd1 Qc7
21. O-O O-O 22. Ba6 Rcd8 23. Rc2 Qb8 24. Qe2 Rfe8 25. Rfc1 Nf8 26. Qe4 Ng6 27.
Rc7 Ne7 28. Qf4 Nf5 29. Kf1 Rxd4 30. Qxd4 Nxd4 31. Rc8 Qxc8 32. Rxc8 Rxc8 33.
Bxc8 Nc6 34. f4 Nb4 35. Ke2 Nxa2 36. Kd2 Nb4 37. Bb7 Kf8 38. Kc3 a5 39. Kc4 Ke7
40. Be4 h6 41. Kb5 Nd5 42. g3 f6 43. Kc6 fxe5 44. fxe5 h5 45. Bg6 Ne3 46. Bxh5
Nc4 47. Be2 Nxb2 48. Kxb6 a4 49. Bc4 Nxc4+ 50. Kb5 a3 {White resigns} 0-1

[Event "Team 45 45 League T78"]
[Site "Internet Chess Club"]
[Date "2018.10.11"]
[Round "4"]
[White "drsigmund1"]
[Black "nosir"]
[Result "1/2-1/2"]
[WhiteElo "1506"]
[BlackElo "1396"]
[Opening "Queen's pawn, Mason variation"]
[ECO "D00"]
[Time "20:01:34"]
[TimeControl "2700+45"]

1. d4 d5 2. Bf4 Nf6 3. e3 Bf5 4. Nd2 e6 5. Ngf3 c5 6. c3 Nc6 7. Bb5 Qb6 8. Qb3
Be7 9. Ne5 Rc8 10. Nxc6 bxc6 11. Be2 c4 12. Qxb6 axb6 13. b3 b5 14. bxc4 bxc4
15. a4 Ne4 16. Nxe4 Bxe4 17. f3 Bc2 18. Bd1 Bxd1 19. Kxd1 O-O 20. a5 Ra8 21. Bc7
Bd8 22. Bd6 Re8 23. a6 Bb6 24. Kc2 Red8 25. Rhb1 Ba7 26. Bc7 Re8 27. Rb7 h6 28.
Bb6 Bxb6 29. Rxb6 e5 30. dxe5 Rxe5 31. a7 Kf8 32. Rb8+ Re8 33. Rxa8 Rxa8 34. e4
dxe4 35. fxe4 Ke7 36. Kd2 Kd6 37. Ke3 Kc5 38. e5 Kb6 39. Ke4 Rxa7 40. Rxa7 Kxa7
41. g4 Kb6 42. h4 Kc5 43. g5 hxg5 44. hxg5 g6 45. e6 fxe6 46. Ke5 Kb5 47. Kxe6
Ka4 48. Kf6 Kb3 49. Kxg6 Kxc3 50. Kh7 Kd3 51. g6 c3 52. g7 c2 53. g8=Q c1=Q 54.
Qg6+ Kd2 55. Qd6+ Ke1 56. Qe6+ Kd2 57. Qd6+ Ke1 58. Qe6+ Kd1 59. Qd6+ Qd2 60.
Qxc6 Qd3+ {Game drawn by mutual agreement} 1/2-1/2

[Event "Team 45 45 League T78"]
[Site "Internet Chess Club"]
[Date "2018.10.15"]
[Round "4"]
[White "Gilguli"]
[Black "LuFran"]
[Result "0-1"]
[WhiteElo "1322"]
[BlackElo "1549"]
[Opening "Vienna gambit"]
[ECO "C29"]
[Time "15:18:47"]
[TimeControl "2700+45"]

1. e4 e5 2. Nc3 Nf6 3. f4 d5 4. exd5 Nxd5 5. fxe5 Nxc3 6. bxc3 Qh4+ 7. Ke2 Bg4+
8. Nf3 Nc6 9. d4 O-O-O 10. Bf4 Bxf3+ 11. Kxf3 g5 12. Bg3 g4+ 13. Ke4 f5+ 14.
Kxf5 Qh5+ 15. Ke4 Bh6 16. Kd3 Nxe5+ 17. Bxe5 Qxe5 18. Qxg4+ Kb8 19. Qe4 Qg5 20.
Rb1 b6 21. h4 Qd2+ 22. Kc4 Rde8 23. Qd3 Qf4 24. g3 Qf7+ 25. Kb4 Bf8+ 26. Kb5
Qd5+ {White resigns} 0-1

[Event "Team 45 45 League T78"]
[Site "Internet Chess Club"]
[Date "2018.10.13"]
[Round "4"]
[White "howah45"]
[Black "SeniorCitizen"]
[Result "0-1"]
[WhiteElo "1097"]
[BlackElo "1219"]
[Opening "French: advance, Paulsen attack"]
[ECO "C02"]
[Time "16:00:55"]
[TimeControl "2700+45"]

1. e4 e6 2. d4 d5 3. e5 c5 4. c3 Nc6 5. Nf3 Qb6 6. Be2 cxd4 7. cxd4 Nge7 8. Nc3
Nf5 9. Bb5 Bd7 10. Bxc6 Bxc6 11. Rb1 Be7 12. Bf4 O-O 13. O-O Qd8 14. Qd2 f6 15.
Rfe1 Qd7 16. g4 fxe5 17. Nxe5 Qc8 18. gxf5 Rxf5 19. Nf3 Qd7 20. Bg5 Rxf3 21. Qe2
Raf8 22. Bxe7 Qxe7 23. Rf1 Qg5+ 24. Kh1 Qf5 25. Nd1 Qxb1 {White resigns} 0-1

[Event "Team 45 45 League T78"]
[Site "Internet Chess Club"]
[Date "2018.10.11"]
[Round "4"]
[White "President"]
[Black "Packerfan"]
[Result "0-1"]
[WhiteElo "1563"]
[BlackElo "1738"]
[Opening "Nimzovich-Larsen attack: modern variation"]
[ECO "A01"]
[Time "14:01:09"]
[TimeControl "2700+45"]

1. b3 e5 2. Bb2 Nc6 3. e3 d5 4. Bb5 Bd6 5. Ne2 Nf6 6. O-O a6 7. Bxc6+ bxc6 8. f4
exf4 9. Nxf4 O-O 10. d3 Bg4 11. Qe1 Qe7 12. Nd2 Rae8 13. h3 Bd7 14. Bxf6 Qxf6
15. Nxd5 Qe5 16. Nf4 Qxe3+ 17. Qxe3 Rxe3 18. Ne4 Be5 19. Rad1 Bd4 20. Kh1 f5 21.
Ng5 Rfe8 22. Nf3 Bc5 23. Rfe1 Bd6 24. Rxe3 Rxe3 25. Nh5 f4 26. Re1 Rxe1+ 27.
Nxe1 Be8 28. Nxf4 Bxf4 29. Kg1 Kf7 30. Kf2 Kf6 31. Nf3 c5 32. g3 Bd6 33. Nd2 Bd7
34. g4 Bc6 35. Ke3 Kg5 36. Ne4+ Bxe4 37. Kxe4 Kh4 38. c3 Kxh3 39. d4 cxd4 40.
Kxd4 Kxg4 41. c4 h5 42. c5 {White resigns} 0-1

[Event "Team 45 45 League T78"]
[Site "Internet Chess Club"]
[Date "2018.10.13"]
[Round "4"]
[White "Gojira"]
[Black "ascoli"]
[Result "0-1"]
[WhiteElo "1666"]
[BlackElo "1732"]
[Opening "Queen's pawn: London system"]
[ECO "A45"]
[Time "07:00:52"]
[TimeControl "2700+45"]

1. d4 Nf6 2. Bf4 c5 3. c3 d5 4. e3 cxd4 5. exd4 Bg4 6. Nf3 e6 7. Qb3 Qc8 8. Nbd2
Nc6 9. Bd3 Be7 10. h3 Bxf3 11. Nxf3 O-O 12. Qd1 h6 13. Ne5 Bd6 14. Bb5 Qc7 15.
Qe2 Nd7 16. Nxd7 Qxd7 17. Qg4 Bxf4 18. Qxf4 a6 19. Bd3 b5 20. g4 e5 21. dxe5
Rae8 22. O-O-O Rxe5 23. Rde1 Rfe8 24. Re3 d4 25. Rxe5 Nxe5 26. Bf5 Qd5 27. Rd1
Qxa2 28. Bb1 Qa1 29. Qe4 dxc3 30. bxc3 Qxc3+ 31. Bc2 Qa1+ 32. Bb1 Rc8+ 33. Kd2
Rd8+ 34. Ke2 Qb2+ 35. Bc2 Re8 36. f4 g6 37. Kf1 Rc8 38. Rd2 Qc1+ 39. Ke2 Nc4 40.
Rd1 Qb2 41. f5 Qe5 42. fxg6 Qxe4+ 43. Bxe4 f6 44. h4 Re8 45. Kf3 Ne5+ 46. Kf4
Kg7 47. h5 Re7 48. Rd8 Rd7 49. Ra8 Rd6 50. Kf5 b4 51. Bb7 b3 52. Be4 b2 53. Bb1
Rd7 54. Ba2 Nc4 55. Rxa6 Rd5+ 56. Kf4 Ra5 57. Rxa5 Nxa5 58. Ke4 Nc4 59. Kd3 Na3
60. Kc3 b1=Q 61. Bxb1 Nxb1+ 62. Kc2 Na3+ 63. Kd3 Nb5 64. Kc4 Nd6+ 65. Kd5 Nc8
66. Ke6 Nb6 67. Kd6 Na4 68. Kd5 Nc3+ 69. Kd4 Ne2+ 70. Ke3 Ng1 71. Kf2 Nh3+ 72.
Kg3 Ng5 73. Kf4 Kf8 74. Kf5 Ke7 75. Kf4 Ne6+ 76. Ke4 Ng7 77. Kf4 Kd6 78. Ke4 Ke6
79. Kf4 Kd5 80. Kf3 Ke5 81. Kg3 Ke4 82. Kh4 Kf4 83. Kh3 f5 84. Kh4 Ne6 85. g5
hxg5+ 86. Kh3 g4+ 87. Kh4 g3 88. Kh3 Kg5 {White resigns} 0-1